 Dungeon Crawl Stone Soup version 0.32-a0-814-g0968bab981 (webtiles) character file.

Game seed: 16065565251651054048

1016 Galewind the Destroyer (level 8, 0/41 HPs)
             Began as a Deep Elf Conjurer on Mar 22, 2024.
             Slain by a gnoll
             ... wielding a +0 halberd
             ... led by a gnoll bouda
              (16 damage)
             ... on level 5 of the Dungeon on Mar 23, 2024.
             The game lasted 00:10:58 (5207 turns).

Galewind the Destroyer (Deep Elf Conjurer)          Turns: 5207, Time: 00:10:58

Health: 0/41       AC:  4    Str:  4    XL:     8   Next: 1%
Magic:  6/21       EV: 18    Int: 26    God:
Gold:   372        SH:  0    Dex: 19    Spells: 7/22 levels left

rFire   . . .        (no weapon)
rCold   . . .        (no shield)
rNeg    . . .        a - +0 robe
rPois   .            (no helmet)
rElec   .            c - +0 cloak
rCorr   .            (no gloves)
SInv    .            v - +0 pair of boots
Will    .....        (no amulet)
Stlth   ++           l - +6 ring of dexterity
HPRegen 0.26/turn    n - +5 ring of evasion
MPRegen 0.17/turn

%: no passive effects
@: no status effects
A: no striking features
a: no special abilities


You were on level 5 of the Dungeon.
You visited 1 branch of the dungeon, and saw 5 of its levels.

You collected 372 gold pieces.

Inventory:

Missiles
 s - a throwing net
Armour
 a - a +0 robe (worn)
 c - a +0 cloak (worn)
 v - a +0 pair of boots (worn)
Jewellery
 g - a +6 ring of dexterity
 i - a ring of ice
 k - a ring of protection from fire
 l - a +6 ring of dexterity (left hand)
 n - a +5 ring of evasion (right hand)
Wands
 u - a wand of roots (5)
 x - a wand of flame (19)
Scrolls
 d - 2 scrolls of amnesia
 e - 2 scrolls of identify
 f - a scroll of fog {unknown}
 h - a scroll of immolation {unknown}
 m - 2 scrolls of enchant weapon {unknown}
 p - a scroll of fear {unknown}
 r - a scroll of butterflies {unknown}
 w - a scroll of teleportation {unknown}
Potions
 b - a potion of magic
 j - a potion of attraction
 o - 3 potions of curing
 q - 2 potions of might {unknown}
 t - 2 potions of mutation {unknown}


   Skills:
 + Level 0.3 Fighting
 + Level 4.2 Dodging
 - Level 2.4 Stealth
 + Level 7.8 Spellcasting
 + Level 8.1 Conjurations
 * Level 2.6 Translocations


You had 7 spell levels left.
You knew the following spells:

 Your Spells              Type           Power      Damage    Failure   Level
a - Magic Dart            Conj           100%       1d8       1%          1
b - Searing Ray           Conj           100%       2d8       1%          2
c - Iskenderun's Mystic   Conj/Tloc      38%        2d9       6%          4
d - Flame Wave            Conj/Fire      31%        2d9       11%         4
e - Sticky Flame          Fire/Alch      10%        2d5       50%         4

Your spell library contained the following spells:

 Spells                   Type           Power      Damage    Failure   Level
 Sting                    Conj/Alch      100%       1d9       1%          1
 Mercury Vapours          Alch/Air       20%        N/A       9%          2
 Fulminant Prism          Conj/Alch      15%        3d11      11%         4
 Inner Flame              Hex/Fire       10%        N/A       17%         3
 Olgreb's Toxic Radiance  Alch           10%        N/A       50%         4


Dungeon Overview and Level Annotations

Branches:
Dungeon (5/15)
 Temple: D:4-7

Altars:
Cheibriados
Elyvilon
Nemelex Xobeh
Vehumet
Yredelemnul

Annotations:
D:3 3 runed translucent doors, Nilihum's ghost, amateur MDWr
D:5 exclusion: statue


Message History

The searing ray hits the gnoll bouda!
You kill the gnoll bouda!
The searing ray hits the bombardier beetle!
You kill the bombardier beetle!
You have reached level 8!
You feel clever. The gnoll completely misses you.
Things that are here:
a +0 whip; a +0 leather armour The gnoll closely misses you.
Casting: Searing Ray (safe; 1% risk of failure)
Confirm with . or Enter, or press ? or * to list all spells.
You miscast Iskenderun's Mystic Blast.
You are very lightly contaminated with residual magic.
Nothing appears to happen.
The gnoll misses you. The gnoll barely misses you.
Unknown command.
Unknown command.
The gnoll misses you. The gnoll attacks as it pursues you!
The gnoll completely misses you.
The gnoll is no longer moving quickly.
Casting: Iskenderun's Mystic Blast (quite dangerous; 6% risk of failure)
Confirm with . or Enter, or press ? or * to list all spells.
You erupt in a blast of force!
The mystic blast hits the gnoll!
The gnoll is heavily wounded.
The gnoll is knocked back by the mystic blast.
The gnoll collides with the gnoll.
The gnoll is moderately wounded.
The gnoll is almost dead.
The gnoll completely misses you.
The gnoll hits you from afar with a +0 halberd!
The gnoll attacks as it pursues you!
The gnoll hits you from afar with a +0 halberd!
Your magical contamination has completely faded away.
The gnoll closely misses you. The gnoll barely misses you.
The gnoll attacks as it pursues you! The gnoll completely misses you.
The gnoll attacks as it pursues you! The gnoll barely misses you.
The gnoll attacks as it pursues you!
The gnoll hits you from afar with a +0 halberd!
You die...

##.)..........#..#### ##.##......
#..†....##.##.##..######...#...#.
##.)..####.........#.#.#...##.###
##).#####....###..........#..# #
#..#.......###..............###
##.....#.###........#..........
#..#..#.###........##...##....
##....[...#....................
#..#...#..g.g.@.............#.#
###.###..#............#.##....###
#........###.........#####.....##
#........###....#...## #......#
##....#####.......### ###.....
#.#### #.#....## ##..#. ##
##.#....# ##### #.......# #
##.##..##


You could see 2 gnolls.

Vanquished Creatures
  2 ogres
  A phantom (D:5)
  A centaur (D:5)
  A scorpion (D:5)
  A howler monkey (D:4)
  3 bombardier beetles
  4 hounds
  A jelly (D:5)
  A gnoll bouda (D:5)
  A sleepcap (D:4)
  An iguana (D:4)
  An orc wizard (D:4)
  13 gnolls
  4 adders
  A ribbon worm (D:2)
  3 dart slugs
  4 orcs
  11 endoplasms
  A giant cockroach (D:1)
  8 goblins
  6 hobgoblins
  3 quokkas
  6 ball pythons
  3 bats
  2 frilled lizards
  7 kobolds
  9 rats
99 creatures vanquished.

Notes
Turn   | Place    | Note
-------+----------+-------------------------------------------
     0 | D:1      | Galewind the Deep Elf Conjurer began the quest for the Orb.
     0 | D:1      | Reached XP level 1. HP: 10/10 MP: 6/6
   203 | D:1      | Reached XP level 2. HP: 13/15 MP: 4/8
   483 | D:1      | Reached skill level 5 in Conjurations
   534 | D:1      | Found a faded altar of an unknown god.
  1191 | D:2      | Reached XP level 3. HP: 19/19 MP: 6/9
  1494 | D:2      | Noticed an ogre
  1524 | D:1      | Learned a level 2 spell: Searing Ray
  1555 | D:2      | Killed an ogre
  1556 | D:2      | Reached skill level 6 in Conjurations
  1556 | D:2      | Reached XP level 4. HP: 24/24 MP: 4/12
  2140 | D:2      | Reached XP level 5. HP: 28/28 MP: 11/13
  2423 | D:3      | Learned a level 4 spell: Iskenderun's Mystic Blast
  2798 | D:3      | Found a runed translucent gate.
  2799 | D:3      | Found a runed translucent gate.
  2799 | D:3      | Noticed Nilihum's ghost (amateur MDWr)
  2800 | D:3      | Found a runed translucent gate.
  3009 | D:3      | Reached skill level 5 in Spellcasting
  3030 | D:3      | Reached XP level 6. HP: 22/32 MP: 11/16
  3337 | D:4      | Found a white marble altar of Elyvilon.
  3431 | D:4      | Found a sparkling altar of Nemelex Xobeh.
  3524 | D:4      | Reached skill level 7 in Conjurations
  3605 | D:4      | Found a basalt altar of Yredelemnul.
  3700 | D:4      | Found a snail-covered altar of Cheibriados.
  4239 | D:4      | Reached skill level 1 in Translocations
  4336 | D:5      | Entered Level 5 of the Dungeon
  4360 | D:5      | Reached XP level 7. HP: 36/36 MP: 10/18
  4449 | D:5      | Learned a level 4 spell: Flame Wave
  4454 | D:5      | Learned a level 4 spell: Sticky Flame
  5167 | D:5      | Found a radiant altar of Vehumet.
  5178 | D:5      | Reached skill level 8 in Conjurations
  5184 | D:5      | Reached XP level 8. HP: 30/41 MP: 10/21
  5207 | D:5      | Slain by a gnoll

Illustrated notes

Levels and vault maps discovered:
D:1:      minmay_arrival_shoal_huts, layout_basic,
          dreamdust_ecumenical_altar_angels_and_demons, minmay_quantized
D:2:      layout_loops_corners
D:3:      layout_basic, gammafunk_ghost_split
D:4:      layout_basic, kennysheep_little_box, mainiacjoe_overflow_24_doors,
          mainiacjoe_overflow_catch_the_wave, kennysheep_generic_room_6
D:5:      minmay_spotlight, layout_cave_pools, vehumet_statue

Skill      XL: |  1  2  3  4  5  6  7 |
---------------+----------------------+-----
Conjurations   | 5 6 7 8 |  8.1
Dodging        | 3 4 |  4.2
Spellcasting   | 4 5 6 7 |  7.8
Translocations | 1 2 |  2.6
Fighting       | |  0.3
Stealth        | |  2.4

Action                     |  1- 3 |  4- 6 |  7- 9 || total
---------------------------+-------+-------+-------++-------
  Melee: Unarmed           |       |     4 |     1 ||     5
         Punch             |       |     1 |       ||     1
   Cast: Magic Dart        |    62 |    64 |     1 ||   127
         Searing Ray       |     1 |    16 |    14 ||    31
         Iskenderun's Myst |       |     2 |     3 ||     5
    Use: Scroll            |       |     3 |       ||     3
 Armour: Robe              |     4 |    15 |    16 ||    35
  Dodge: Dodged            |    11 |    34 |    24 ||    69

Table legend: (Time is in decaauts)
 A = Elapsed time spent in this place.
 B = Non-inter-level travel time spent in this place.
 C = Inter-level travel time spent in this place.
 D = Time resting spent in this place.
 E = Time spent auto-exploring this place.
 F = Levels seen in this place.
 G = Mean time per level.
                   A        B        C        D        E       F      G
               +--------+--------+--------+--------+--------+-----+--------+
         Total |   5204 |   5133 |     71 |    304 |   4109 |   5 | 1040.8 |
       Dungeon |   5204 |   5133 |     71 |    304 |   4109 |   5 | 1040.8 |
               +--------+--------+--------+--------+--------+-----+--------+

Top non-repeatable levels by time:
     D:2: 1174 daAuts
     D:1: 1168 daAuts
     D:4: 998 daAuts
     D:3: 992 daAuts
     D:5: 870 daAuts
